 Dungeon Crawl Stone Soup version 0.26-a0-667-g92642533e4 (webtiles) character file.

Game seed: 13308997477015378643

8 jasper the Slasher (level 2, -1/16 HPs)
             Began as a Vine Stalker Berserker on Oct 17, 2020.
             Was a Follower of Trog.
             Slain by a goblin
             ... wielding a +0 dagger
              (2 damage)
             ... on level 1 of the Dungeon.
             The game lasted 00:00:25 (412 turns).

jasper the Slasher (Vine Stalker Berserker)          Turns: 412, Time: 00:00:26

Health: -1/16      AC:  2    Str: 19    XL:     2   Next: 8%
Magic:  0/3        EV: 12    Int:  7    God:    Trog [*.....]
Gold:   8          SH:  0    Dex: 13    Spells: 1/1 levels left

rFire    . . .     SeeInvis .   a - +0 falchion
rCold    . . .     Faith    .   (no shield)
rNeg     . . .     Spirit   +   b - +0 animal skin
rPois    .         Reflect  .   (no helmet)
rElec    .         Harm     .   (no cloak)
rCorr    .         Rampage  .   (no gloves)
MR       .....                  (no boots)
Stlth    +.........             (no amulet)
HPRegen  0.05/turn              (no ring)
MPRegen  0.08/turn              (no ring)

@: berserk cooldown, slowed, very slow
A: fangs 2, magic shield, antimagic bite, no potion heal 3, rot immunity
a: Berserk, Renounce Religion


You were on level 1 of the Dungeon.
You worshipped Trog.
Trog was aware of your devotion.
You visited 1 branch of the dungeon, and saw 1 of its levels.

You collected 8 gold pieces.

Inventory:

Hand Weapons
 a - a +0 falchion (weapon)
Missiles
 d - 17 stones (quivered)
Armour
 b - a +0 animal skin (worn)
Potions
 c - a potion of flight {unknown}


   Skills:
 + Level 2.8 Fighting
 * Level 3.0 Long Blades
 + Level 1.7 Armour
 - Level 1.5 Dodging


You had one spell level left.
You didn't know any spells.
Your spell library was empty.

Dungeon Overview and Level Annotations

Branches:
Dungeon (1/15)

Altars:


Innate Abilities, Weirdness & Mutations

You have extremely sharp teeth.
When hurt, damage is shared between your health and your magic reserves.
Your bite disrupts and absorbs the magic of your enemies.
Potions cannot restore your health.
You are immune to rotting.


Message History

You feel your anger nearly subside.
You are no longer berserk.
Trog's vigour flows through your veins.
You are exhausted.
You feel yourself slow down.
You now have 6/16 hp.
d - 17 stones (gained 1)
A leopard gecko comes into view.
Found 17 gold pieces.
A goblin comes into view. It is wielding a +0 dagger.
The goblin shouts!
The leopard gecko hisses angrily.
You hear a shout!
The goblin hits you with a +0 dagger.
* * * LOW HITPOINT WARNING * * *
You take 3 damage, and have 4/16 hp.
The goblin hits you with a +0 dagger.
* * * LOW HITPOINT WARNING * * *
The goblin completely misses you.
You take 3 damage, and have 1/16 hp.
You now have 0/3 mp.
The goblin hits you with a +0 dagger.
You die...

#{{§# §##....P...P# #{§§#
{{###f.f..### #§{§§
§{§§##'''##{{ . #(..
{{§§§§f..{{{{ ..
{{{{§{..f{{{{ #..#
...{{§...{{{. ##...#####
.....ff.f....
.........######.........f.
......l..@....######.#####
........g####............#
..........# ##...#######..
....###...# #............
... #...# ####......... ..
#...# #........# # #...#
#........# #$..#
#........# #...†....#


You could see a leopard gecko and a goblin.

Vanquished Creatures
  A dart slug (D:1)
  A leopard gecko (D:1)
  A hobgoblin (D:1)
  A kobold (D:1)
  A frilled lizard (D:1)
5 creatures vanquished.

Notes
Turn   | Place    | Note
-------+----------+-------------------------------------------
     0 | D:1      | jasper the Vine Stalker Berserker began the quest for the
                  | Orb.
     0 | D:1      | Reached XP level 1. HP: 11/11 MP: 2/2
   393 | D:1      | Reached skill level 3 in Long Blades
   393 | D:1      | Reached XP level 2. HP: 9/16 MP: 0/3
   412 | D:1      | Slain by a goblin

Illustrated notes

Levels and vault maps discovered:
D:1:      dpeg_arrival_water_fire, layout_basic

Skill      XL: |  1 |
---------------+----+-----
Long Blades    | 3 |  3.0
Fighting       | |  2.8
Armour         | |  1.7
Dodging        | |  1.5

Action                   || total
-------------------------++-------
Melee: Falchion          ||     9
       Bite              ||     5
Invok: Berserk           ||     2
Armor: Animal skin       ||     2
Dodge: Dodged            ||     8
       Rpst.: Falchion   ||     2

Table legend: (Time is in decaauts)
 A = Elapsed time spent in this place.
 B = Non-inter-level travel time spent in this place.
 C = Inter-level travel time spent in this place.
 D = Time resting spent in this place.
 E = Time spent auto-exploring this place.
 F = Levels seen in this place.
 G = Mean time per level.
                   A        B        C        D        E       F      G
               +--------+--------+--------+--------+--------+-----+--------+
         Total |    428 |    401 |     27 |     44 |    302 |   1 |  428.0 |
       Dungeon |    428 |    401 |     27 |     44 |    302 |   1 |  428.0 |
               +--------+--------+--------+--------+--------+-----+--------+

Top non-repeatable levels by time:
     D:1: 428 daAuts
